 Dungeon Crawl Stone Soup version 0.30-a0-883-g5ad918d77d (webtiles) character file.

Game seed: 2636955873342055722

252 oldriver the Digger (level 5, -2/38 HPs)
             Began as a Draconian Earth Elementalist on Mar 15, 2023.
             Slain by an iguana (11 damage)
             ... on level 5 of the Dungeon.
             The game lasted 00:04:31 (4589 turns).

oldriver the Digger (Draconian Earth Elementalist)  Turns: 4589, Time: 00:04:34

Health: -2/38      AC:  7    Str: 11    XL:     5   Next: 89%
Magic:  4/10       EV: 12    Int: 17    God:
Gold:   165        SH:  0    Dex: 11    Spells: 5/11 levels left

rFire   . . .      SeeInvis .    v - +1 dagger (venom)
rCold   . . .      Faith    .    (no shield)
rNeg    . . .      Spirit   .    (body armour unavailable)
rPois   .          Reflect  .    (helmet restricted)
rElec   .          Rampage  .    l - +0 cloak
rCorr   .                        k - +0 pair of gloves
Will    .....                    (no boots)
Stlth   ++                       (no amulet)
HPRegen 0.26/turn                (no ring)
MPRegen 0.12/turn                (no ring)

@: very slightly contaminated
A: AC +5, unfitting armour, cold-blooded
a: no special abilities


You were on level 5 of the Dungeon.
You visited 1 branch of the dungeon, and saw 5 of its levels.

You collected 210 gold pieces.
You spent 45 gold pieces at shops.

Inventory:

Hand Weapons
 v - a +1 dagger of venom (weapon)
Missiles
 e - 9 javelins
 g - 3 poisoned darts
Armour
 k - a +0 pair of gloves (worn)
 l - a +0 cloak (worn)
Jewellery
 n - an amulet of faith
 p - an amulet of magic regeneration
 u - an amulet of guardian spirit
Scrolls
 c - 2 scrolls of torment
 f - a scroll of enchant weapon {unknown}
 j - a scroll of identify
 s - 2 scrolls of blinking
 t - 2 scrolls of magic mapping
Potions
 a - a potion of magic
 b - 3 potions of curing
 d - a potion of might
 h - a potion of ambrosia {unknown}
 i - 2 potions of flight
 m - a potion of berserk rage {unknown}
 q - a potion of invisibility
 r - 3 potions of lignification
 w - a potion of heal wounds {unknown}


   Skills:
 - Level 1.7 Dodging
 - Level 1.7 Stealth
 + Level 3.9 Spellcasting
 - Level 2.0 Conjurations
 - Level 1.0 Transmutations
 - Level 5.0 Earth Magic


You had 5 spell levels left.
You knew the following spells:

 Your Spells              Type           Power      Damage    Failure   Level
a - Sandblast             Erth           40%        2d10      1%          1
b - Passwall              Tmut/Erth      10%        N/A       7%          2
c - Stone Arrow           Conj/Erth      30%        3d8       12%         3

Your spell library contained the following spells:

 Spells                   Type           Power      Damage    Failure   Level
 Apportation              Tloc           6%         N/A       16%         1
 Necrotise                Necr           12%        1d4       16%         1
 Summon Small Mammal      Summ           12%        N/A       16%         1
 Call Canine Familiar     Summ           3%         N/A       43%         3
 Summon Guardian Golem    Hex/Summ       3%         N/A       43%         3
 Petrify                  Tmut/Erth      13%        N/A       43%         4


Dungeon Overview and Level Annotations

Branches:
Dungeon (5/15)             Temple (0/1) D:5

Altars:
Cheibriados
Fedhas
Lugonu

Shops:
D:1 *

Portals:
Abyss: D:4


Innate Abilities, Weirdness & Mutations

Your plain brown scales are hard. (AC +5)
You cannot fit into any form of body armour.
You are cold-blooded and may be slowed by cold attacks.


Message History

The white imp gestures at you. The puff of frost hits you!
The blast of sand hits the white imp!
The white imp is almost dead.
The blast of sand hits the white imp!
You kill the white imp!
The iguana bites you but does no damage.
The blast of sand hits the iguana.
The iguana is moderately wounded.
The iguana misses you.
The blast of sand hits the iguana.
The iguana is heavily wounded.
The iguana bites you.
The iguana bites you but does no damage.
You miscast Sandblast.
You are very lightly contaminated with residual magic.
Nothing appears to happen.
The iguana closely misses you.
The blast of sand hits the iguana but does no damage.
The iguana is heavily wounded.
The iguana bites you!
You are too injured to fight recklessly!
You hit the iguana but do no damage.
The iguana is heavily wounded.
The iguana bites you!
* * * LOW HITPOINT WARNING * * *
You hit the iguana but do no damage.
The iguana is poisoned.
The iguana is heavily wounded.
The iguana bites you but does no damage.
You hit the iguana.
The iguana looks as sick as possible!
The iguana is severely wounded.
The iguana barely misses you.
Casting: Sandblast (safe; 1% risk of failure)
Confirm with . or Enter, or press ? or * to list all spells.
Aiming: Sandblast (safe; 1% risk of failure)
Press: ? - help, Shift-Dir - straight line, f/p - iguana
Aim: an iguana (almost dead, extremely poisoned, 85% to hit)
The blast of sand hits the iguana but does no damage.
The iguana is almost dead.
The iguana barely misses you. The iguana bites you!
You die...

......#.....##.....#
.#...##....##....#
##...(...##...###
#.....<.........#
#.........#..#...##
#.........#.##...#
.............#...#
........#....#..#####
#...##..#.##...@....#
##.. ..........l....#
## ....).####.......#
. ........#
.........#
.........##
........###
...#...#.#


You could see an iguana (extremely poisoned).

Vanquished Creatures
  2 orc wizards (D:3)
  11 adders
  A white imp (D:5)
  3 worms
  3 dart slugs
  4 orcs
  10 ball pythons
  4 bats
  9 endoplasms
  6 giant cockroaches
  6 hobgoblins
  4 jackals (D:4)
  2 quokkas
  3 frilled lizards
  5 goblins
  3 kobolds
  7 rats
  A lurking horror (D:4)
84 creatures vanquished.

Vanquished Creatures (others)
  2 fungi (D:2)
  A plant (D:2)
3 creatures vanquished.

Grand Total: 87 creatures vanquished

Notes
Turn   | Place    | Note
-------+----------+-------------------------------------------
     0 | D:1      | oldriver the Draconian Earth Elementalist began the quest
                  | for the Orb.
     0 | D:1      | Reached XP level 1. HP: 14/14 MP: 3/3
   185 | D:1      | Found Aphur's General Store.
   337 | D:1      | Reached XP level 2. HP: 16/20 MP: 3/5
   923 | D:2      | Reached XP level 3. HP: 26/26 MP: 2/7
   993 | D:2      | Found a faded altar of an unknown god.
  1168 | D:1      | Bought a +0 cloak for 45 gold pieces
  1295 | D:2      | Learned a level 2 spell: Passwall
  1330 | D:2      | Reached skill level 4 in Earth Magic
  1525 | D:2      | Reached XP level 4. HP: 33/33 MP: 6/8
  2064 | D:3      | Learned a level 3 spell: Stone Arrow
  2212 | D:3      | Found a snail-covered altar of Cheibriados.
  2386 | D:3      | Reached skill level 1 in Conjurations
  2386 | D:3      | Reached skill level 5 in Earth Magic
  2386 | D:3      | Reached XP level 5. HP: 31/38 MP: 4/9
  3381 | D:4      | Found a one-way gate to the infinite horrors of the Abyss.
  3381 | D:4      | Found a corrupted altar of Lugonu.
  3960 | D:4      | Found a blossoming altar of Fedhas.
  4559 | D:5      | Entered Level 5 of the Dungeon
  4559 | D:5      | Found a staircase to the Ecumenical Temple.
  4589 | D:5      | Slain by an iguana

Illustrated notes

Levels and vault maps discovered:
D:1:      minmay_arrival_cross, layout_loops_cross, serial_shops,
          nicolae_shop_waterfront
D:2:      layout_loops_cross, shapermc_ecumenical_altar_mp_urbaneastern,
          skrybe_limestone_x, minmay_snake_closets
D:3:      layout_basic, cheibrodos_worm_habitat
D:4:      layout_layer_cave, marbit_many_paths, roderic_serpentine_path,
          nrook_mini_vaults, amcnicky_altar_lugonu_corruption
D:5:      layout_cave_pools, mainiacjoe_overflow_small_starburst,
          minmay_temple_entry_water_ring, serial_column_ruins,
          column_ruins_open_tiny, column_ruins_grid_3, column_ruins_open_small,
          column_ruins_corridor_straight, column_ruins_open_tiny

Skill      XL: |  1  2  3  4  5 |
---------------+----------------+-----
Spellcasting   | 3 |  3.9
Earth Magic    | 4 5 |  5.0
Conjurations   | 1 2 |  2.0
Dodging        | |  1.7
Stealth        | |  1.7
Transmutations | |  1.0

Action                     |  1- 3 |  4- 6 || total
---------------------------+-------+-------++-------
  Melee: Dagger            |       |    39 ||    39
         Tailslap          |       |     3 ||     3
   Cast: Sandblast         |    44 |    79 ||   123
    Use: Scroll            |       |    12 ||    12
 Armour: Skin              |     1 |    36 ||    37
  Dodge: Dodged            |    10 |    50 ||    60

Table legend: (Time is in decaauts)
 A = Elapsed time spent in this place.
 B = Non-inter-level travel time spent in this place.
 C = Inter-level travel time spent in this place.
 D = Time resting spent in this place.
 E = Time spent auto-exploring this place.
 F = Levels seen in this place.
 G = Mean time per level.
                   A        B        C        D        E       F      G
               +--------+--------+--------+--------+--------+-----+--------+
         Total |   4663 |   4449 |    214 |     33 |   3861 |   5 |  932.6 |
       Dungeon |   4663 |   4449 |    214 |     33 |   3861 |   5 |  932.6 |
               +--------+--------+--------+--------+--------+-----+--------+

Top non-repeatable levels by time:
     D:4: 1381 daAuts
     D:3: 1231 daAuts
     D:2: 1081 daAuts
     D:1: 937 daAuts
     D:5: 32 daAuts
